 Dungeon Crawl Stone Soup version 0.17-a0-2002-g92c7e20 (webtiles) character file.

158988 inmateoo the Black Belt (level 17, -3/108 HPs)
             Began as a Tengu Monk on Oct 9, 2015.
             Was the Champion of Vehumet.
             Slain by a sea snake (12 damage)
             ... on level 1 of the Shoals.
             The game lasted 01:22:04 (34394 turns).

inmateoo the Black Belt (Tengu Monk)               Turns: 34394, Time: 01:22:05

Health: -3/108     AC: 33    Str: 14    XL:     17   Next: 73%
Magic:  29/29      EV:  6    Int: 13    God:    Vehumet [******]
Gold:   1163       SH:  8    Dex: 19    Spells: 4 memorised, 2 levels left

rFire  + + +     SeeInvis .       - Unarmed
rCold  + + .     Clarity  +     o - +9 armour of the Dragon King {rPois rF+ rC+ MR+}
rNeg   + . .     SustAt   .     i - +2 buckler
rPois  +         Gourm    .     q - -2 hat of the Alchemist {rElec rPois rF+ rC+ rN+ MR+ rMut rCorr}
rElec  +         Spirit   .     y - +0 cloak
rCorr  +         Warding  .     S - +2 pair of gloves
rMut   +         Stasis   .     (boots unavailable)
MR     +++..                    F - amulet of clarity
Stlth  ..........               (no ring)
                                d - ring of stealth

@: flying quickly and evasively, studying Air Magic, quick, extremely resistant
to hostile enchantments, extremely unstealthy
A: beak, talons 3, iridescent scales 1, fire resistance 1, mutation resistance
1, able to fly 2
a: Stop Flying, Renounce Religion


You were on level 1 of the Shoals.
You worshipped Vehumet.
Vehumet was exalted by your worship.
You were not hungry.

You visited 6 branches of the dungeon, and saw 32 of its levels.
You also visited: Sewer and Bailey.

You collected 3852 gold pieces.
You spent 2689 gold pieces at shops.

Inventory:

Armour
 h - a +4 ring mail
 i - a +2 buckler (worn)
 o - the +9 armour of the Dragon King (worn) {rPois rF+ rC+ MR+}
   (You found it in a bailey)

   It protects you from fire.
   It protects you from cold.
   It protects you from poison.
   It affects your resistance to hostile enchantments.
 q - the -2 hat of the Alchemist (worn) {rElec rPois rF+ rC+ rN+ MR+ rMut rCorr}
   (You bought it in a shop on level 4 of the Orcish Mines)

   It protects you from fire.
   It protects you from cold.
   It insulates you from electricity.
   It protects you from poison.
   It protects you from negative energy.
   It affects your resistance to hostile enchantments.
   It protects you from acid and corrosion.
   It protects you from mutation.
 y - a +0 cloak (worn)
 S - a +2 pair of gloves (worn)
Rods
 p - a +9 lightning rod (2/17)
   (You found it in a sewer)
Jewellery
 d - a ring of stealth (left hand)
 k - an uncursed ring of wizardry
 w - an uncursed ring of magical power
 F - an amulet of clarity (around neck)
 H - an uncursed amulet of guardian spirit
 O - an uncursed ring of fire
 R - an uncursed ring of teleportation
Wands
 j - a wand of polymorph (5)
 J - a wand of disintegration (16)
 N - a wand of enslavement (9)
 U - a wand of disintegration (15)
 V - a wand of teleportation (5)
Scrolls
 c - 8 scrolls of teleportation
 l - a scroll of identify
 t - 4 scrolls of fog
 v - 17 scrolls of remove curse
 C - 4 scrolls of blinking
 D - 4 scrolls of magic mapping
 G - a scroll of recharging
 I - 2 scrolls of fear
 Q - 3 scrolls of amnesia
Potions
 e - 4 potions of magic
 g - 6 potions of curing
 n - 3 potions of agility
 r - 3 potions of lignification
 s - 4 potions of brilliance
 u - 2 potions of invisibility
 B - 2 potions of might
 E - 3 potions of haste
 L - 6 potions of heal wounds
 M - a potion of resistance
 P - a potion of cure mutation
 T - a potion of berserk rage
Books
 f - a book of Geomancy

   Spells                             Type                      Level
   a - Sandblast                      Earth                        1
   b - Stoneskin                      Transmutation/Earth          2
   c - Passwall                       Transmutation/Earth          3
   d - Stone Arrow                    Conjuration/Earth            3
   e - Petrify                        Transmutation/Earth          4
   f - Lee's Rapid Deconstruction     Earth                        5
 z - a book of the Earth

   Spells                             Type                      Level
   a - Leda's Liquefaction            Hexes/Earth                  4
   b - Bolt of Magma                  Conjuration/Fire/Earth       5
   c - Statue Form                    Transmutation/Earth          6
   d - Iron Shot                      Conjuration/Earth            6
   e - Shatter                        Earth                        9
 W - a manual of Air Magic
Miscellaneous
 m - a fan of gales (inert)
 A - a plain deck of escape {drawn: 2}
Comestibles
 a - 9 meat rations
 b - 12 bread rations
 x - a beef jerky


   Skills:
 * Level 12.9 Fighting
 + Level 10.5 Armour
 + Level 11.5 Dodging
 - Level 5.0 Stealth
 - Level 6.1 Shields
 * Level 16.0 Unarmed Combat
 + Level 7.8 Spellcasting
 - Level 5.5 Conjurations
 + Level 9.4 Air Magic
 * Level 14.1 Evocations


You had 2 spell levels left.
You knew the following spells:

 Your Spells              Type           Power        Failure   Level  Hunger
a - Conjure Ball Lightni  Conj/Air       ###.......   100%        6    #######
b - Freezing Cloud        Conj/Ice/Air   ###.......   100%        6    #######
c - Chain Lightning       Conj/Air       ###.......   100%        8    #######
d - Tornado               Air            ####......   100%        9    #######


Dungeon Overview and Level Annotations

Branches:
Dungeon (15/15)            Temple (1/1) D:6            Lair (8/8) D:8
 Shoals (2/4) Lair:5        Snake (0/4) Lair:4        Slime (0/6) Lair:8
    Orc (4/4) D:9             Elf (2/3) Orc:3        Vaults (0/5) D:13
 Depths (0/5) D:15

Altars:
Ashenzari
Cheibriados
Dithmenos
Elyvilon
Fedhas
Gozag
Kikubaaqudgha
Makhleb
Nemelex Xobeh
Okawaru
Qazlal
Ru
Sif Muna
Trog
Vehumet
Xom
Yredelemnul
Zin
The Shining One
Beogh
Jiyva

Shops:
D:7 ?   D:8 }   D:12 [   Orc:4 [*[?

Portals:
Hell: Lair:8


Innate Abilities, Weirdness & Mutations

You have a beak for a mouth.
You have claws for feet.
You can fly continuously.
You are partially covered in iridescent scales (AC +4).
Your flesh is heat resistant.
You are somewhat resistant to further mutation.


Message History

Unknown command.
Unknown command.
The sea snake bites you.
* * * LOW HITPOINT WARNING * * *
Things that are here:
a trident; 5 tomahawks; a merfolk corpse Unknown command.
Unknown command.
You hit the merfolk.
The merfolk is severely wounded.
The sea snake bites you!
* * * LOW HITPOINT WARNING * * *
The merfolk hits you with a trident.
* * * LOW HITPOINT WARNING * * *
Unknown command.
Unknown command.
You hit the merfolk. You peck the merfolk, but do no damage.
The merfolk is severely wounded.
The sea snake bites you!
You die...

≈≈≈≈≈≈≈≈≈≈≈≈≈≈≈≈≈≈≈≈#
≈≈≈≈≈≈≈≈≈≈≈≈≈≈≈≈≈≈≈≈#
#
≈≈≈≈≈≈≈≈≈≈≈≈≈≈≈≈≈≈≈≈#
#
≈≈≈≈≈≈≈≈≈≈≈≈≈≈≈≈≈≈≈≈#
#
≈≈≈..≈≈.≈≈≈≈≈≈≈≈≈≈≈≈#
#
≈...≈≈≈≈≈≈≈≈≈≈≈≈≈≈≈≈#
###
....≈≈≈)≈≈≈≈≈≈≈≈≈≈≈≈#
..###
.#....≈)S≈≈≈≈≈≈≈≈≈≈≈#
....#
...>.>.@)≈≈≈≈≈≈≈≈≈≈≈#
##.##
....≈≈≈≈m≈≈≈≈≈≈≈≈≈≈≈#
...≈≈≈≈≈≈≈≈≈≈≈≈≈≈≈≈≈#
..≈≈≈≈≈≈≈≈≈≈≈≈≈≈≈≈≈≈#
.
≈≈≈≈≈≈≈≈≈≈≈≈≈≈≈≈≈≈≈≈#
≈≈
≈≈≈...≈≈≈≈≈≈≈≈≈≈≈≈≈≈
≈≈
≈≈.....≈≈≈≈≈≈≈≈≈≈≈≈
≈≈≈ ≈..##..≈≈≈≈≈≈≈≈
≈≈≈


You could see a sea snake and a merfolk.

Vanquished Creatures
  Rupert (Lair:3)
  Gastronok (Lair:3)
  A dire elephant (Lair:8)
  A merfolk impaler (Shoals:1)
  A fire dragon (D:15)
  Fannar (D:12)
  An ice dragon (D:15)
  Harold (Lair:3)
  A hell beast (Lair:8)
  9 hydras
  A merfolk avatar (Shoals:2)
  A catoblepas (D:15)
  A merfolk aquamancer (Shoals:2)
  An ogre mage (D:15)
  2 dancing weapons (D:13)
  2 centaur warriors
  The ghost of Alipheese the Spear-Bearer, a novice NaGl of Makhleb (Bailey)
  A queen ant (Lair:4)
  A satyr (Shoals:2)
  5 death yaks
  A tengu warrior (D:13)
  3 orc high priests (Orc:4)
  The ghost of Goblin1989 the Grappler, a novice TrFi of Okawaru (D:8)
  Urug (Orc:3)
  A deep elf knight (Elf:1)
  Nergalle (Lair:3)
  The ghost of tp1 the Protected, a novice GrBe of Trog (Bailey)
  An unseen horror (D:15)
  7 hill giants
  A deep elf summoner (Elf:1)
  A wizard (Lair:8)
  Pikel (D:6)
  3 sea snakes (Shoals:2)
  5 deep elf conjurers
  7 orc knights
  11 ugly things
  A wolf spider (D:15)
  4 orc sorcerers
  2 oklob plants
  3 manticores
  A hornet (shapeshifter) (D:13)
  A siren (Shoals:2)
  21 elephants
  4 griffons
  2 cyclopes
  4 fauns
  3 centaur zombies
  2 torpor snails
  5 black mambas
  Prince Ribbit (D:6)
  13 spiny frogs
  3 fire drakes
  2 orange demons (Lair:8)
  A redback zombie (D:14)
  A yaktaur (D:15)
  The ghost of 4thArraOfDagon the Firebug, a novice HEFE of Vehumet (Bailey)
  11 komodo dragons
  7 merfolk
  7 trolls
  A wind drake (Shoals:1)
  A hellwing (Lair:8)
  Grinder (D:3)
  2 two-headed ogres
  A snapping turtle (Shoals:1)
  A polar bear (Lair:6)
  8 blue devils (Lair:8)
  A boulder beetle (Lair:7)
  A trapdoor spider zombie (D:10)
  10 slime creatures
  A trapdoor spider (D:14)
  60 yaks
  3 wyverns
  3 water elementals (Shoals:2)
  A spriggan (shapeshifter) (D:14)
  A shadow (D:15)
  3 wraiths
  10 deep elf magi
  11 hippogriffs
  5 basilisks
  2 steam dragons (D:10)
  5 deep elf fighters
  22 soldier ants
  2 insubstantial wisps (D:10)
  12 wolves
  Edmund (D:6)
  14 porcupines
  7 wargs
  The ghost of inmateoo the Sneak, an amateur TeEn of Ashenzari (D:4)
  2 nagas (Lair:4)
  33 orc warriors
  A spider (D:8)
  A slave (D:6)
  18 water moccasins
  8 ice beasts
  4 phantoms
  5 wasps
  2 necrophages
  15 ogres
  11 sky beasts
  24 crocodiles
  A big kobold (D:13)
  20 centaurs
  Blork the orc (D:6)
  A gnoll sergeant (D:6)
  35 giant frogs
  6 jellies
  A scorpion (D:5)
  An electric eel (Lair:3)
  18 killer bees
  20 wights
  3 quasits
  9 hounds
  2 giant frog zombies
  30 orc priests
  12 crimson imps
  26 worker ants
  35 orc wizards
  3 giant frog skeletons
  5 centaur skeletons
  Natasha (twice) (D:3)
  6 iguanas
  10 sheep
  A hound skeleton (D:10)
  A worker ant zombie (D:10)
  14 adders
  7 gnolls
  31 river rats
  3 shadow imps
  2 oozes
  An adder zombie (D:5)
  4 worms
  5 adder skeletons
  9 giant geckos
  207 orcs
  5 ball pythons
  6 bats
  15 giant cockroaches
  12 goblins
  11 hobgoblins
  13 jackals
  17 kobolds
  8 quokkas
  A giant gecko zombie (D:7)
  13 giant newts
  6 rats
  A bush (Lair:3)
  A fungus (Lair:3)
  5 plants
1141 creatures vanquished.

Vanquished Creatures (collateral kills)
  Louise (Shoals:2)
  3 death yaks
  An ugly thing (D:15)
  A cyclops (D:15)
  A griffon (Lair:8)
  3 yaktaurs (D:15)
  A slime creature (D:15)
  A snapping turtle (Shoals:2)
  A basilisk (Lair:8)
  A wolf (Lair:7)
  An ice beast (D:15)
  3 ogres (D:15)
  A crocodile (Lair:7)
  2 kobolds (D:13)
  A plant (Lair:7)
22 creatures vanquished.

Vanquished Creatures (others)
  A merfolk impaler (Shoals:1)
  An unseen horror (D:10)
  A manticore (Shoals:2)
  A slime creature (D:15)
  3 slaves (D:6)
  A gnoll (D:6)
  An adder (D:6)
  A giant gecko (D:6)
  An orc (D:6)
  13 fungi
  15 plants
  13 toadstools (Lair:3)
52 creatures vanquished.

Grand Total: 1215 creatures vanquished

Notes
Turn   | Place    | Note
--------------------------------------------------------------
     0 | D:1      | inmateoo the Tengu Monk began the quest for the Orb.
     0 | D:1      | Reached XP level 1. HP: 14/14 MP: 2/2
   219 | D:1      | Found a sparkling altar of Nemelex Xobeh.
   291 | D:1      | Reached XP level 2. HP: 19/19 MP: 3/3
   560 | D:1      | Reached XP level 3. HP: 18/23 MP: 4/4
   704 | D:2      | Reached skill level 5 in Unarmed Combat
  1085 | D:2      | Reached XP level 4. HP: 12/28 MP: 5/5
  1088 | D:2      | Found a burning altar of Makhleb.
  1730 | D:3      | Gained mutation: You can fly. [Tengu growth]
  1730 | D:3      | Reached XP level 5. HP: 27/32 MP: 6/6
  1749 | D:3      | Found a glowing drain.
  1773 | D:3      | Reached skill level 1 in Shields
  1781 | Sewer    | Entered a sewer
  2167 | Sewer    | Reached skill level 1 in Armour
  2167 | Sewer    | Reached XP level 6. HP: 31/38 MP: 4/7
  2535 | D:3      | Noticed Natasha
  2545 | D:3      | Killed Natasha
  2545 | D:3      | Reached skill level 6 in Unarmed Combat
  2545 | D:3      | Reached skill level 1 in Evocations
  2626 | D:3      | Found an ancient bone altar of Kikubaaqudgha.
  2693 | D:3      | Noticed Natasha
  2704 | D:3      | Killed Natasha
  2733 | D:3      | Noticed Grinder
  2739 | D:3      | Killed Grinder
  2739 | D:3      | Reached XP level 7. HP: 43/43 MP: 7/9
  2771 | D:3      | Found a glowing golden altar of the Shining One.
  2772 | D:3      | Found a white marble altar of Elyvilon.
  2776 | D:3      | Found a glowing silver altar of Zin.
  3323 | D:4      | Found an opulent altar of Gozag.
  3570 | D:4      | Noticed inmateoo's ghost (amateur TeEn)
  3574 | D:4      | Killed inmateoo's ghost
  3574 | D:4      | Reached skill level 5 in Dodging
  3642 | D:4      | Found a snail-covered altar of Cheibriados.
  3642 | D:4      | Found a shimmering altar of Xom.
  3649 | D:4      | Found a blossoming altar of Fedhas.
  3655 | D:4      | Reached XP level 8. HP: 44/48 MP: 9/11
  3748 | D:4      | Reached skill level 1 in Spellcasting
  3907 | D:5      | Entered Level 5 of the Dungeon
  3980 | D:5      | Reached skill level 7 in Unarmed Combat
  4384 | D:5      | Found a stormy altar of Qazlal.
  4908 | D:6      | Noticed Blork the orc
  4911 | D:6      | Killed Blork the orc
  4911 | D:6      | Reached XP level 9. HP: 51/53 MP: 12/12
  4963 | D:6      | Reached skill level 5 in Fighting
  4963 | D:6      | Reached skill level 8 in Unarmed Combat
  5449 | D:6      | Noticed Pikel
  5456 | D:6      | Killed Pikel
  5456 | D:6      | Reached skill level 5 in Evocations
  5615 | D:6      | Reached skill level 5 in Stealth
  5720 | D:6      | Reached XP level 10. HP: 52/59 MP: 13/15
  5808 | D:6      | Found a staircase to the Ecumenical Temple.
  5835 | Temple   | Entered the Ecumenical Temple
  5956 | D:6      | Noticed Prince Ribbit
  5961 | D:6      | Killed Prince Ribbit
  5970 | D:6      | Found a burning altar of Makhleb.
  5971 | D:6      | Found a radiant altar of Vehumet.
  6084 | D:6      | Became a worshipper of Vehumet
  6084 | D:6      | Acquired Vehumet's first power
  6084 | D:6      | Offered knowledge of Freeze by Vehumet.
  6147 | D:6      | Noticed Edmund
  6154 | D:6      | Killed Edmund
  6259 | D:6      | Reached skill level 9 in Unarmed Combat
  6397 | D:7      | Offered knowledge of Magic Dart by Vehumet.
  6469 | D:7      | Noticed a hill giant
  6622 | D:7      | Found Mogho's Magic Scroll Boutique.
  6637 | D:7      | Bought a scroll of identify for 30 gold pieces
  6637 | D:7      | Bought a scroll of identify for 30 gold pieces
  6637 | D:7      | Bought a scroll of identify for 30 gold pieces
  6637 | D:7      | Bought a scroll of blinking for 112 gold pieces
  6637 | D:7      | Bought a scroll of fear for 52 gold pieces
  6823 | D:7      | Killed a hill giant
  6823 | D:7      | Reached skill level 5 in Armour
  6935 | D:7      | Gained mutation: Your spells are a little easier to cast, but a little less powerful. [mutagenic meat]
  6937 | D:7      | Lost mutation: Your spells are a little easier to cast, but a little less powerful. [mutagenic meat]
  6938 | D:7      | Gained mutation: You are somewhat resistant to further mutation. [mutagenic meat]
  6939 | D:7      | Gained mutation: You are partially covered in iridescent scales (AC +4). [mutagenic meat]
  7002 | D:7      | Offered knowledge of Throw Flame by Vehumet.
  7054 | D:7      | Found a basalt altar of Yredelemnul.
  7314 | D:8      | Found Noygamia's Gadget Shoppe.
  7365 | D:8      | Acquired Vehumet's second power
  7389 | D:8      | Reached skill level 5 in Shields
  7410 | D:8      | Found a flagged portal.
  7425 | Bailey   | Entered a bailey
  7440 | Bailey   | Noticed tp1's ghost (novice GrBe)
  7448 | Bailey   | Noticed Alipheese's ghost (novice NaGl)
  7470 | Bailey   | Killed Alipheese's ghost
  7481 | Bailey   | Killed tp1's ghost
  7481 | Bailey   | Reached XP level 11. HP: 42/64 MP: 17/17
  7522 | Bailey   | Noticed 4thArraOfDagon's ghost (novice HEFE)
  7527 | Bailey   | Offered knowledge of Dazzling Spray by Vehumet.
  7539 | Bailey   | Killed 4thArraOfDagon's ghost
  7539 | Bailey   | Reached skill level 10 in Unarmed Combat
  7740 | Bailey   | Found a bloodstained altar of Trog.
  7937 | D:8      | Found a staircase to the Lair.
  8126 | D:8      | Noticed Goblin1989's ghost (novice TrFi)
  8143 | D:8      | Killed Goblin1989's ghost
  8295 | D:8      | Acquired Vehumet's third power
  8411 | D:8      | Found a deep blue altar of Sif Muna.
  8643 | D:9      | Offered knowledge of Sticky Flame by Vehumet.
  8741 | D:9      | Noticed a hill giant
  8744 | D:9      | Killed a hill giant
  9283 | D:9      | Found a staircase to the Orcish Mines.
  9706 | D:9      | Offered knowledge of Conjure Ball Lightning by Vehumet.
  9714 | D:9      | Learned a level 6 spell: Conjure Ball Lightning
  9853 | D:10     | Entered Level 10 of the Dungeon
  9979 | D:10     | Got a crystal great sword
  9987 | D:10     | Identified the +7 great sword "Xeoruo" {slice, rElec rC+ Str+4 Dex-3} (You found it on level 10 of the Dungeon)
 10084 | D:10     | Killed an unseen horror
 10549 | D:10     | Reached XP level 12. HP: 60/72 MP: 20/20
 10779 | D:10     | Reached skill level 5 in Spellcasting
 10807 | D:10     | Reached skill level 11 in Unarmed Combat
 10999 | D:11     | Gained mutation: Your flesh is heat resistant. [mutagenic meat]
 11936 | D:12     | Got a faintly glowing halberd
 11942 | D:12     | Identified the cursed +0 halberd "Undertaker" {venom, rN+} (You found it on level 12 of the Dungeon)
 12358 | D:12     | Noticed Fannar
 12405 | D:12     | Killed Fannar
 12568 | D:12     | Found Adisanti's Antique Armour Shop.
 12595 | D:12     | Bought a pair of runed gloves for 99 gold pieces
 13381 | D:13     | Noticed an enchanted long sword
 13499 | D:10     | Reached skill level 12 in Unarmed Combat
 13584 | Orc:1    | Entered Level 1 of the Orcish Mines
 14262 | Orc:2    | Reached XP level 13. HP: 59/78 MP: 23/23
 14651 | Orc:3    | Found a roughly hewn altar of Beogh.
 14737 | Orc:3    | Found a staircase to the Elven Halls.
 14852 | Orc:3    | Offered knowledge of Olgreb's Toxic Radiance by Vehumet.
 15116 | Orc:3    | Reached skill level 10 in Evocations
 15126 | Orc:3    | Noticed Urug
 15164 | Orc:3    | Killed Urug
 15625 | Orc:4    | Entered Level 4 of the Orcish Mines
 17012 | Orc:4    | Found Fuogat's Antique Armour Shop.
 17012 | Orc:4    | Found Zoptao Xomae's Magic Scroll Shoppe.
 17014 | Orc:4    | Found Neob's Assorted Antiques.
 17014 | Orc:4    | Found Fioz's Antique Armour Shop.
 17020 | Orc:4    | Bought a scroll of identify for 34 gold pieces
 17020 | Orc:4    | Bought a scroll of identify for 34 gold pieces
 17020 | Orc:4    | Bought a scroll of identify for 34 gold pieces
 17025 | Orc:4    | Bought a scroll of torment for 127 gold pieces
 17028 | Orc:4    | Bought a glass wand for 76 gold pieces
 17028 | Orc:4    | Bought a scroll of identify for 38 gold pieces
 17028 | Orc:4    | Bought a scroll of magic mapping for 66 gold pieces
 17028 | Orc:4    | Bought a papyrus book for 285 gold pieces
 17028 | Orc:4    | Bought a scroll of identify for 38 gold pieces
 17458 | Orc:1    | Offered knowledge of Freezing Cloud by Vehumet.
 17466 | Orc:1    | Learned a level 6 spell: Freezing Cloud
 17512 | Elf:1    | Entered Level 1 of the Elven Halls
 17823 | Orc:3    | Reached skill level 13 in Unarmed Combat
 18477 | Lair:1   | Entered Level 1 of the Lair of Beasts
 18735 | Lair:1   | Gained mutation: You can fly continuously. [Tengu growth]
 18735 | Lair:1   | Reached XP level 14. HP: 83/86 MP: 25/25
 19041 | Orc:4    | Bought the -2 hat of the Alchemist {rElec rPois rF+ rC+ rN+ MR+ rMut rCorr} for 1604 gold pieces
 19681 | Lair:2   | Offered knowledge of Bolt of Cold by Vehumet.
 21154 | Lair:3   | Noticed Rupert
 21164 | Lair:3   | Noticed Harold
 21165 | Lair:3   | Noticed Gastronok
 21208 | Lair:3   | Got a pitted long sword
 21209 | Lair:3   | Identified the +6 long sword "Viuduera" {venom, Int+4} (You found it on level 3 of the Lair of Beasts)
 21443 | Lair:3   | Killed Harold
 21636 | Lair:3   | Found a blossoming altar of Fedhas.
 21876 | Lair:3   | Killed Rupert
 22038 | Lair:3   | Killed Gastronok
 22038 | Lair:3   | Reached skill level 10 in Fighting
 22295 | Lair:3   | Noticed Nergalle
 22299 | Lair:3   | Killed Nergalle
 22571 | Lair:4   | Offered knowledge of Poisonous Cloud by Vehumet.
 22599 | Lair:4   | Reached skill level 14 in Unarmed Combat
 22945 | Lair:4   | Found a staircase to the Snake Pit.
 23706 | Lair:5   | Reached skill level 10 in Armour
 23967 | Lair:5   | Found a staircase to the Shoals.
 24062 | Lair:5   | Reached XP level 15. HP: 59/93 MP: 26/26
 24079 | Lair:5   | Reached skill level 10 in Dodging
 24364 | Lair:5   | Offered knowledge of Ozocubu's Refrigeration by Vehumet.
 24555 | Lair:5   | Reached skill level 5 in Conjurations
 24555 | Lair:5   | Reached skill level 5 in Air Magic
 24555 | Lair:5   | Reached XP level 16. HP: 75/99 MP: 27/27
 27230 | Lair:8   | Entered Level 8 of the Lair of Beasts
 27230 | Lair:8   | Found a viscous altar of Jiyva.
 27230 | Lair:8   | Found a staircase to the Slime Pits.
 27249 | Lair:8   | Identified a scroll of acquirement
 28013 | Lair:8   | Found a glowing golden altar of the Shining One.
 28038 | Lair:8   | Reached skill level 15 in Unarmed Combat
 28148 | Lair:8   | Offered knowledge of Poison Arrow by Vehumet.
 28884 | Lair:8   | Found a burning altar of Makhleb.
 28946 | Lair:8   | Found a gateway to Hell.
 29780 | D:13     | Killed an enchanted long sword
 29792 | D:13     | Noticed a tengu warrior
 29794 | D:13     | Found a gate to the Vaults.
 29798 | D:13     | Killed a tengu warrior
 30131 | D:13     | Reached XP level 17. HP: 106/106 MP: 28/28
 31023 | D:14     | Offered knowledge of Glaciate by Vehumet.
 31023 | D:14     | Offered knowledge of Chain Lightning by Vehumet.
 31023 | D:14     | Offered knowledge of Tornado by Vehumet.
 31036 | D:14     | Learned a level 8 spell: Chain Lightning
 31046 | D:14     | Learned a level 9 spell: Tornado
 31276 | D:15     | Entered Level 15 of the Dungeon
 31606 | D:15     | Found a staircase to the Depths.
 33339 | Shoals:1 | Entered Level 1 of the Shoals
 33537 | Shoals:1 | Found a snail-covered altar of Cheibriados.
 33599 | Shoals:1 | You are sucked into a shaft!
 34004 | Shoals:2 | Noticed Louise
 34035 | Shoals:2 | Killed Louise
 34389 | Shoals:1 | Reached skill level 16 in Unarmed Combat
 34394 | Shoals:1 | Slain by a sea snake

Vault maps used:
D:1:      evilmike_arrival_rings, nemelex_xobeh_ov_fountains_minmay
D:2:      makhleb_heckhound_becter
D:3:      good_gods_mini_temple, nicolae_overflow_hidden_temple,
          gup_sewer_entry_pipe, kennysheep_generic_room_9, uniq_grinder,
          uniq_natasha
D:4:      grunt_gozag_breadcrumbs, grunt_temple_overflow_open,
          serial_bayou_ford_a
D:5:      nicolae_qazlal_style_of_elements, first_bread, minmay_hedge_maze
D:6:      grunt_temple_overflow_lords_of_destruction, grunt_potential,
          uniq_blork_the_orc, uniq_prince_ribbit1, uniq_pikel, uniq_edmund
D:7:      minmay_opposing_rooms, lemuel_doored_altar, serial_shops,
          nicolae_shop_temple_entry_statues_fountains
D:8:      lemuel_blue_sif_altar, dpeg_oklobed_lair,
          lightli_bailey_entry_fortress, serial_shops, shop,
          hangedman_pestilent_swarm
D:9:      hiddenorc1_lemuel
D:10:     hangedman_misty_isle
D:12:     serial_shops, shop, kennysheep_generic_room_15, uniq_fannar
D:13:     erik_vaults_1
D:14:     serial_glass, glass_columns_a, glass_columns_b
D:15:     grunt_enter_depths_hoard, hangedman_decor_peaks_small
Temple:   nicolae_temple_hex_pool_5
Lair:1:   beast_lair_carwin_7
Lair:2:   grunt_megastairs_4
Lair:3:   tgw_fedhas, serial_bayou_shore_b, uniq_rupert, uniq_nergalle,
          uniq_harold, uniq_gastronok
Lair:4:   guppyfry_snake_entry_garden, minivault_26,
          nicolae_lair_grove_arrangements, minivault_29
Lair:5:   elwin_shoals_entry_rocks
Lair:8:   evil_forest, slime_altar_1, basic_altar
Shoals:1: lemuel_oklob_altar
Shoals:2: uniq_louise
Orc:1:    cheibrodos_orc_bank
Orc:3:    basic_altar, nicolae_orc_pool_cavern, mines5_lemuel, uniq_urug
Orc:4:    grunt_orc_tribal_feast
Elf:1:    elf_arrival_002, basic_altar, grunt_ministairs_14, minivault_15,
          hangedman_corner_corridor
Elf:2:    dk_noncrumbling_4, guppyfry_elf_altar, uniq_jorgrun
Sewer:    sewer_frog_island_01
Bailey:   bailey_axe_3, bailey

Action                   |  1- 3 |  4- 6 |  7- 9 | 10-12 | 13-15 | 16-18 || total
-------------------------+-------+-------+-------+-------+-------+-------++-------
Melee: Unarmed           |    79 |   192 |   240 |  1045 |  1424 |  1237 ||  4217
 Abil: Fly               |       |     3 |       |     3 |       |     1 ||     7
Evoke: Rod               |       |     4 |    31 |    95 |    91 |    80 ||   301
       Wand              |       |       |       |       |    13 |     9 ||    22
       Fan of gales      |       |       |       |       |     1 |     4 ||     5
       Deck              |       |       |       |       |       |    16 ||    16
  Use: Scroll            |     3 |     7 |     5 |     8 |    17 |     7 ||    47
       Potion            |       |       |       |     5 |    13 |     2 ||    20
 Stab: Sleeping          |     3 |     8 |    13 |     6 |       |       ||    30
       Distracted        |       |     1 |       |     4 |       |     6 ||    11
       Invisible         |       |       |       |     4 |       |       ||     4
       Petrifying        |       |       |       |       |       |     1 ||     1
  Eat: Chunk             |       |     7 |    11 |    35 |    18 |     2 ||    73
       Fruit             |       |       |       |     6 |     3 |    10 ||    19
       Beef jerky        |       |       |       |     4 |     4 |     3 ||    11
       Pizza             |       |       |       |     1 |     1 |       ||     2
       Royal jelly       |       |       |       |       |     5 |     6 ||    11
       Meat ration       |       |       |       |       |       |     1 ||     1
